[Event "Early-Titled-Tuesday-Blitz-January-23-2024"]
[Site "Chess.com"]
[Date "2024.01.23"]
[Round "2"]
[White "ljuks68"]
[Black "CSB7"]
[Result "0-1"]
[WhiteElo "2469"]
[BlackElo "2747"]
[TimeControl "180+1"]
[EndTime "8:17:18 PST"]
[Termination "CSB7 won on time"]

1. e4 c5 2. Nf3 d6 3. d4 cxd4 4. Nxd4 Nf6 5. Nc3 a6 6. Bg5 e6 7. f4 Nc6 8. Qd2 h6 9. Bxf6 Qxf6 10. Nxc6 bxc6 11. Bd3 Qd8 12. O-O Be7 13. f5 Qb6+ 14. Kh1 Qxb2 15. Na4 Qd4 16. c4 O-O 17. Rab1 exf5 18.
exf5 Bg5 19. Qe2 Ra7 20. Rfd1 Re7 21. Qc2 Re3 22. Nb6 Qc5 23. Nxc8 Rxc8 24. Be4 Re8 25. Bf3 d5 26. Rbc1 dxc4 27. Qa4 Rxf3 28. gxf3 Bxc1 29.
Rxc1 Qf2 30. Qxc6 Re2 0-1

[Event "Early-Titled-Tuesday-Blitz-January-23-2024"]
[Site "Chess.com"]
[Date "2024.01.23"]
[Round "2"]
[White "ViktoriyaTarasova"]
[Black "Baronessa08"]
[Result "0-1"]
[WhiteElo "2327"]
[BlackElo "2538"]
[TimeControl "180+1"]
[EndTime "8:17:18 PST"]
[Termination "Baronessa08 won on time"]

1. d4 d5 2. c4 dxc4 3. e4 Nf6 4.
e5 Nd5 5. Bxc4 Nc6 6. Ne2 Nb6 7. Bb3 Bg4 8. f3 Bf5 9. a3 e6 10. O-O Be7 11. Nbc3 O-O 12. Be3 Na5 13. Ba2 Nac4 14. Bc1 c5 15. g4 Bg6 16. f4 cxd4 17. Nxd4 Bc5 18. Ne2 Be4 19. b4 Be7 20. Ng3 Bd5 21.
Qe2 a5 22. f5 axb4 23. axb4 Bxb4 24. Bf4 Bc5 25. Rfd1 Qc7 26. Kf1 Bxd4 27. Rxd4 Qc5 28. Rdd1 Ra3 29. f6 Rf3+ 30. Ke1 Rxf4 0-1

[Event "Early-Titled-Tuesday-Blitz-January-23-2024"]
[Site "Chess.com"]
[Date "2024.01.23"]
[Round "2"]
[White "WindWhistler11"]
[Black "Klavdia_Nik"]
[Result "1-0"]
[WhiteElo "2459"]
[BlackElo "2158"]
[TimeControl "180+1"]
[EndTime "8:17:19 PST"]
[Termination "WindWhistler11 won by resignation"]

1. Nf3 Nf6 2. c4 c5 3. g3 b6 4. Bg2 Bb7 5. O-O g6 6. b3 Bg7 7.
Bb2 O-O 8. d3 d5 9. Na3 d4 10.
Nc2 Re8 11. b4 e5 12. Nd2 Bxg2 13. Kxg2 e4 14. bxc5 bxc5 15. Nb3 Qd6 16. Ba3 Nbd7 17. Ncxd4 exd3 18. exd3 a5 19. Nb5 Qc6+ 20. Qf3 Rec8 21. Qxc6 Rxc6 22. Rfe1 a4 23. Nd2 Ng4 24. Rad1 f5 25. f4 Rd8 26. Nf3 Bf8 27. h3 Ngf6 28. Ng5 Re8 29. Rxe8 Nxe8 30. Re1 Nc7 31. Nxc7 Rxc7 32.
Re8 Rc6 33. Rd8 Rd6 34. d4 Rxd4 35. Ne6 Rd2+ 36. Kf1 Kf7 37. Nxf8 Rxa2 38. Rxd7+ Kxf8 39. Rd3 Rxa3 40. Rxa3 1-0

[Event "Early-Titled-Tuesday-Blitz-January-23-2024"]
[Site "Chess.com"]
[Date "2024.01.23"]
[Round "2"]
[White "marcodobrikov"]
[Black "Sibelephant"]
[Result "0-1"]
[WhiteElo "2639"]
[BlackElo "3077"]
[TimeControl "180+1"]
[EndTime "8:17:20 PST"]
[Termination "Sibelephant won by checkmate"]

1. Nf3 d5 2. d4 Nf6 3. Bf4 c5 4. c3 Qb6 5. Qb3 Nc6 6. e3 c4 7. Qc2 Bf5 8. Qc1 Nh5 9. Nbd2 Nxf4 10. exf4 e6 11. Be2 Be7 12. O-O O-O 13. Re1 Qc7 14.
Nf1 b5 15. Ne5 Nxe5 16. fxe5 b4 17. Ne3 Bg6 18. Bd1 bxc3 19. bxc3 Qa5 20. Bc2 Ba3 21. Qd2 Bb2 22. Bxg6 Bxc3 23. Bxh7+ Kxh7 24. Qc2+ Kg8 25. Ng4 Bxe1 26. Rd1 Bb4 27. Qe2 Be7 28. Nf6+ Bxf6 29. exf6 Qd8 30. fxg7 Kxg7 31. Qg4+ Kh6 32. Re1 Qg5 33. Qf3 Rab8 34. g3 Qf5 35. Qd1 Kg7 36.
Kg2 Rb2 37. Re5 Qxf2+ 38. Kh3 Qxh2+ 39. Kg4 f5+ 40. Kf4 Rf2+ 41. Ke3 Qxg3+ 42. Qf3 Qxf3# 0-1

[Event "Early-Titled-Tuesday-Blitz-January-23-2024"]
[Site "Chess.com"]
[Date "2024.01.23"]
[Round "2"]
[White "tomesao"]
[Black "Al_Shima"]
[Result "1-0"]
[WhiteElo "2493"]
[BlackElo "2217"]
[TimeControl "180+1"]
[EndTime "8:17:20 PST"]
[Termination "tomesao won by resignation"]

1. d4 Nf6 2. Nf3 e6 3. Bf4 c5 4. e3 Qb6 5. b3 Nc6 6. c3 d5 7. Nbd2 Bd7 8. Bd3 Rc8 9. O-O h6 10. Re1 Nh5 11. Be5 Nxe5 12. Nxe5 Nf6 13. f4 Bd6 14. Ndf3 cxd4 15. cxd4 O-O 16. Nxd7 Nxd7 17. Ne5 Bxe5 18. fxe5 Rc3 19. Qd2 Rfc8 20. Rac1 R3c6 21.
Bb1 g6 22. Rxc6 Qxc6 23. Rf1 Kg7 24. h3 Qc3 25. Qf2 Rf8 26. Qf3 f5 27. Kh2 a5 28.
Rf2 b5 29. Rc2 Qb4 30. Rc7 Rf7 31. Qe2 f4 32. Rb7 fxe3 33. Qxe3 a4 34. Qd3 Nf8 35.
Rxf7+ Kxf7 36. Bc2 a3 37. Qf3+ Kg7 38. Qf6+ Kg8 39.
Bxg6 Nxg6 40. Qxg6+ Kf8 41. Qxh6+ Ke8 42. Qxe6+ Kf8 43.
Qf6+ Kg8 44. e6 Qd6+ 45. Qe5 Qf8 46. e7 Qe8 47. Qxd5+ Kg7 48. Qd8 Kf7 49. Qxe8+ Kxe8 50. Kg3 Kxe7 51. Kf4 Kd6 52. Ke4 1-0

[Event "Early-Titled-Tuesday-Blitz-January-23-2024"]
[Site "Chess.com"]
[Date "2024.01.23"]
[Round "2"]
[White "Jospem"]
[Black "Tejas_Rama"]
[Result "1-0"]
[WhiteElo "3099"]
[BlackElo "2645"]
[TimeControl "180+1"]
[EndTime "8:17:24 PST"]
[Termination "Jospem won by resignation"]

1. e4 e5 2. Nf3 Nc6 3. Bb5 Nf6 4.
d3 Bc5 5. Ba4 d6 6. Bg5 h6 7.
Bh4 g5 8. Bg3 Bg4 9. Nbd2 a6 10. c3 b5 11. Bb3 Bb6 12. Nf1 Ne7 13.
Ne3 Bh5 14. O-O O-O 15. Re1 Qd7 16. Bc2 Bxe3 17. fxe3 Ng6 18. Rf1 Nh7 19. d4 Qe7 20.
Qe1 Rab8 21. a4 bxa4 22. Qc1 exd4 23. exd4 Bxf3 24. Rxf3 g4 25. Re3 h5 26. Rxa4 Rb6 27. Ra5 h4 28. Bf2 Rb5 29. Rxb5 axb5 30. Qd1 Qg5 31.
g3 h3 32. Re1 Ra8 33. Be3 Qh5 34. Qd2 Ra2 35. Bb1 Ra1 36. Rf1 Nhf8 37. Qf2 Ne7 38. Bd3 Rxf1+ 39. Kxf1 Nd7 40. Ke1 Kg7 41. Kd1 Qg6 42.
Kc2 c6 43. e5 Qe6 44. exd6 Qxd6 45. Qe2 f5 46. Bf4 Qf6 47. Qf2 Nd5 48. Bd2 Kg6 49.
Qe2 Qe7 50. Qxg4+ Kf7 51. Qxf5+ N7f6 52. g4 Ke8 53. g5 Nd7 54. Qe4 Nf8 55. Qxe7+ Kxe7 56. Bf1 Ke6 57. Bxh3+ Kf7 58. Bg4 Ne7 59. h4 Nfg6 60.
h5 Nh4 61. g6+ 1-0

[Event "Early-Titled-Tuesday-Blitz-January-23-2024"]
[Site "Chess.com"]
[Date "2024.01.23"]
[Round "2"]
[White "Better_Chess_Faster"]
[Black "Roman_Ovetchkin"]
[Result "0-1"]
[WhiteElo "2105"]
[BlackElo "2663"]
[TimeControl "180+1"]
[EndTime "8:17:25 PST"]
[Termination "Roman_Ovetchkin won by checkmate"]

1. d4 Nf6 2. Bg5 Ne4 3. Bf4 c5 4. d5 Qb6 5. Bc1 g6 6. f3 Nd6 7. e4 Bg7 8. c3 O-O 9. Nd2 Qa5 10.
Be2 b5 11. Nh3 Bb7 12. O-O Qb6 13. Kh1 c4 14. f4 Na6 15. Qc2 Nc5 16. Bf3 Nd3 17.
b3 Rac8 18. bxc4 Nxc1 19. Raxc1 Nxc4 20. Nxc4 Rxc4 21. Qd3 Rfc8 22. e5 Qc5 23. e6 Rxc3 24.
exf7+ Kxf7 25. Ng5+ Kg8 26. Rxc3 Qxc3 27. Qe4 Qf6 28. h3 h6 29. Bg4 hxg5 30. Bxd7 Rc4 31. Be6+ Kh7 32. Qe2 Rxf4 33. Rxf4 Qxf4 34. Qxb5 Qc1+ 35.
Kh2 Be5+ 36. g3 Qd2+ 37. Kg1 Qe1+ 38. Kg2 Qxg3+ 39. Kf1 Qf3+ 40. Ke1 Bc3# 0-1

[Event "Early-Titled-Tuesday-Blitz-January-23-2024"]
[Site "Chess.com"]
[Date "2024.01.23"]
[Round "2"]
[White "ilqar_74"]
[Black "ETTrainer"]
[Result "1-0"]
[WhiteElo "2904"]
[BlackElo "2592"]
[TimeControl "180+1"]
[EndTime "8:17:26 PST"]
[Termination "ilqar_74 won by resignation"]

1. e4 e5 2. Nf3 Nc6 3. Bb5 g6 4. d4 exd4 5. Nxd4 Bg7 6. Nxc6 bxc6 7. Bd3 Ne7 8. O-O O-O 9. Nc3 d5 10. Bg5 Be6 11. Re1 Rb8 12. Rb1 Re8 13. Qd2 Qd6 14. b3 Qb4 15. Na4 Qxd2 16. Bxd2 dxe4 17. Bxe4 Bd5 18. Bd3 Bd4 19. Bf4 Be6 20. Bxc7 Rbc8 21. Be5 Bxe5 22. Rxe5 Nd5 23. a3 Nf4 24. Bf1 c5 25. Rxc5 Bf5 26. Rc1 Ne2+ 27. Bxe2 Rxe2 28. Rxc8+ Bxc8 29. Nc3 Re7 30. f3 Bf5 31. Ne4 Bxe4 32. fxe4 Rxe4 33. c4 Re3 34. b4 Rxa3 35. c5 Rd3 36. c6 Rd8 37. b5 Rb8 38. Kf2 Kf8 39. Ke3 Ke7 40. Kd4 Kd6 41. Kc4 a6 42. Rd1+ Kc7 43.
Rd7+ Kb6 44. bxa6 Rc8 45. a7 Kxc6 46. Rxf7 h5 47. Kd4 Kd6 48. Rf6+ Ke7 49. Rxg6 Ra8 50. Ra6 Kd7 51. Ke5 Kc7 52. Kf5 Kb7 53. Ra1 Rf8+ 54. Kg6 Ka8 55. Kxh5 Rh8+ 56. Kg4 Rxh2 57. g3 Rb2 58. Kh4 Rh2+ 59. Kg5 Rg2 60. g4 Rb2 61. Kh5 Rh2+ 62. Kg6 Rb2 63. g5 Rg2 64. Kh6 Rh2+ 65.
Kg7 Rg2 66. g6 Rb2 67. Kh7 Rh2+ 68. Kg8 Rh6 69. g7 Rh2 70. Rf1 Kxa7 71. Kf8 1-0

[Event "Early-Titled-Tuesday-Blitz-January-23-2024"]
[Site "Chess.com"]
[Date "2024.01.23"]
[Round "2"]
[White "andrzej"]
[Black "hurricane7791"]
[Result "0-1"]
[WhiteElo "2386"]
[BlackElo "2691"]
[TimeControl "180+1"]
[EndTime "8:17:26 PST"]
[Termination "hurricane7791 won on time"]

1. e4 c5 2. Nf3 d6 3. d4 cxd4 4.
Nxd4 Nf6 5. Nc3 a6 6. Be3 e5 7. Nb3 Be6 8. h3 h5 9. f4 exf4 10. Bxf4 Nc6 11. Qf3 Ne5 12. Qf2 Rc8 13. O-O-O Nfd7 14. Kb1 Be7 15. Nd4 Rxc3 16. Nxe6 fxe6 17. bxc3 O-O 18.
Qd2 Qa5 19. c4 Qb6+ 20. Ka1 Bf6 21. c3 Qa5 22. Rc1 Qa3 23. Be3 Nc5 24. Bxc5 Qxc5 25.
Bd3 Nd7 26. Rc2 Nb6 27. Rb1 Rf7 28. Qe2 Na4 29. Rb3 Rc7 30. e5 Qxe5 31. Qxe5 Bxe5 32. Kb1 Nc5 33. Bg6 h4 34. Rb6 Na4 35. Rb3 Kf8 36. Rf2+ Bf6 37. Rf3 Ke7 38. Kc2 d5 39.
cxd5 exd5 40. Ra3 b5 41. Rxa4 bxa4 42. Rd3 d4 43. Kd2 dxc3+ 44. Kc2 Rb7 45. Re3+ Kd6 46. Re8 Rb2+ 47. Kc1 Rxa2 48. Rb8 Rxg2 49. Rb6+ Kc5 50.
Rc6+ Kb4 51. Be4 Re2 52. Bf3 Bg5+ 53. Kd1 Rd2+ 54. Ke1 a3 55. Rxa6 c2 56. Rc6 a2 57.
Rb6+ Ka5 0-1

[Event "Early-Titled-Tuesday-Blitz-January-23-2024"]
[Site "Chess.com"]
[Date "2024.01.23"]
[Round "2"]
[White "arnash_bauyrzhan"]
[Black "GatoRojo150"]
[Result "0-1"]
[WhiteElo "2202"]
[BlackElo "2606"]
[TimeControl "180+1"]
[EndTime "8:17:27 PST"]
[Termination "GatoRojo150 won on time"]

1. e4 e5 2. Nf3 Nc6 3. d4 exd4 4. Bc4 Nf6 5. O-O Nxe4 6. Re1 d5 7. Bxd5 Qxd5 8.
Nc3 Qd8 9. Nxe4 Be7 10. Bg5 f6 11. Bf4 O-O 12. Qe2 Kh8 13. Rad1 Bg4 14. c3 f5 15. Ng3 Bd6 16. Bxd6 Qxd6 17. h3 Bxf3 18.
Qxf3 f4 19. Ne4 Qd5 20. cxd4 Qxa2 21. d5 Ne5 22. Qh5 Nf7 23. Ng5 Nxg5 24. Qxg5 Qxb2 25. Re7 Rac8 26. Rde1 Qf6 27. Qh5 Qf5 28. Qf3 h6 29. R1e5 Qf6 30. R5e6 Qa1+ 31. Kh2 Qd4 32. Qh5 Rf6 33.
Re8+ Rxe8 34. Rxe8+ Kh7 35. Re7 Qxf2 36. Rxc7 Qg3+ 37.
Kh1 f3 0-1

[Event "Early-Titled-Tuesday-Blitz-January-23-2024"]
[Site "Chess.com"]
[Date "2024.01.23"]
[Round "2"]
[White "deribas12345"]
[Black "hmatyi07"]
[Result "1-0"]
[WhiteElo "2477"]
[BlackElo "2176"]
[TimeControl "180+1"]
[EndTime "8:17:27 PST"]
[Termination "deribas12345 won by checkmate"]

1. d4 Nf6 2. c4 e6 3. Nc3 d5 4.
cxd5 exd5 5. Bg5 c6 6. e3 Bf5 7.
Qf3 Be6 8. Bxf6 Qxf6 9. Qxf6 gxf6 10. h4 a5 11. Nh3 Bd6 12. g3 a4 13. Nf4 a3 14. b3 Nd7 15. O-O-O Ke7 16. Bd3 f5 17. Kc2 Nf6 18. Na4 Ne4 19. Rhf1 Bb4 20. Bxe4 fxe4 21. Nxe6 Kxe6 22. Rc1 b5 23. Nc3 Bxc3 24. Kxc3 Rhb8 25.
Kb4 Kd6 26. Rc5 Rb6 27. f3 Re8 28. fxe4 Rxe4 29. Rxf7 Rxe3 30. Rxh7 Rxg3 31. Rh6+ Kd7 32. Rxd5+ cxd5 33. Rxb6 Rg4 34. Kc5 Rxh4 35. Ra6 b4 36. Kxd5 Rh2 37. Ra7+ Kd8 38. Kc4 Rxa2 39. Kxb4 Rd2 40.
Kc5 a2 41. b4 Rc2+ 42. Kd6 Rb2 43. Ra8# 1-0

[Event "Early-Titled-Tuesday-Blitz-January-23-2024"]
[Site "Chess.com"]
[Date "2024.01.23"]
[Round "2"]
[White "sokidze"]
[Black "TheoSlade"]
[Result "1-0"]
[WhiteElo "2834"]
[BlackElo "2464"]
[TimeControl "180+1"]
[EndTime "8:17:28 PST"]
[Termination "sokidze won on time"]

1. d4 d5 2. c4 e6 3. Nc3 a6 4.
cxd5 exd5 5. Nf3 c6 6. e4 dxe4 7. Ng5 Be7 8. Bc4 Bxg5 9. Qh5 Be7 10. Qxf7+ Kd7 11. Qxg7 Nf6 12. a4 Kc7 13. Bf4+ Kb6 14.
a5+ Ka7 15. d5 Rg8 16. dxc6 Nxc6 17. Bxg8 Qxg8 18. Be3+ Kb8 19. Qh6 Kc7 20. O-O-O Bg4 21. Qf4+ Kc8 22. Bb6 Ne8 23. Rd2 Be6 24. Qxe4 Qg6 25.
Qe2 Nd6 26. Re1 Bc4 27. Qf3 Qf6 28. Qh3+ 1-0

[Event "Early-Titled-Tuesday-Blitz-January-23-2024"]
[Site "Chess.com"]
[Date "2024.01.23"]
[Round "2"]
[White "ArtemDyachuk"]
[Black "GHANDEEVAM2003"]
[Result "0-1"]
[WhiteElo "2632"]
[BlackElo "3028"]
[TimeControl "180+1"]
[EndTime "8:17:29 PST"]
[Termination "GHANDEEVAM2003 won by checkmate"]

1. e4 c6 2. Nf3 d5 3. Nc3 g6 4.
d4 Bg7 5. e5 Bg4 6. h3 Bxf3 7.
Qxf3 e6 8. Bd3 a6 9. Ne2 c5 10. c3 Nc6 11. h4 Qb6 12. Be3 c4 13. Bc2 Qxb2 14. Kd2 Qa3 15. h5 b5 16. hxg6 hxg6 17. Rxh8 Bxh8 18. Rh1 Bg7 19. Rh7 Qf8 20. Qg4 Nge7 21.
Nf4 Ra7 22. Nxe6 fxe6 23. Qxe6 Kd8 24. Qd6+ Rd7 25. Qa3 a5 26. e6 Rc7 27. Qd6+ Kc8 28.
Bf4 Rb7 29. Bxg6 b4 30. Rxg7 bxc3+ 31. Ke2 Qxg7 32. Be8 Qg4+ 33. f3 Qxg2+ 34. Ke3 Nf5# 0-1

[Event "Early-Titled-Tuesday-Blitz-January-23-2024"]
[Site "Chess.com"]
[Date "2024.01.23"]
[Round "2"]
[White "Rodalquilar"]
[Black "AndresDelgado77"]
[Result "1-0"]
[WhiteElo "2735"]
[BlackElo "2403"]
[TimeControl "180+1"]
[EndTime "8:17:29 PST"]
[Termination "Rodalquilar won on time"]

1. d4 Nf6 2. Nf3 c5 3. c3 b6 4. dxc5 bxc5 5. e4 Bb7 6. e5 Nd5 7. Bd3 e6 8. O-O Be7 9. Re1 h6 10. Nbd2 Qc7 11. Nc4 Nb6 12. Na5 c4 13. Nxb7 cxd3 14.
Na5 Nc4 15. Nxc4 Qxc4 16. Re3 Nc6 17. Qxd3 Qxd3 18. Rxd3 a5 19. b3 g5 20. h3 h5 21.
Bxg5 Bxg5 22. Nxg5 Nxe5 23. Re3 f6 24. f4 fxg5 25.
fxe5 a4 26. b4 Rc8 27. Rd1 Rc7 28. Rg3 O-O 29. Rxg5+ Kf7 30. Rd3 h4 31. Rh5 Rfc8 32. Rxh4 Rxc3 33. Rxd7+ Kg6 34. Rf4 Re3 35. Rf6+ Kg5 36.
Rg7+ Kh5 37. Kf2 Ra3 38. g4+ 1-0

[Event "Early-Titled-Tuesday-Blitz-January-23-2024"]
[Site "Chess.com"]
[Date "2024.01.23"]
[Round "2"]
[White "vladislavkovalev"]
[Black "KononenkoD"]
[Result "1-0"]
[WhiteElo "2846"]
[BlackElo "2561"]
[TimeControl "180+1"]
[EndTime "8:17:30 PST"]
[Termination "vladislavkovalev won by resignation"]

1. e4 c6 2. Nf3 d5 3. d3 dxe4 4. dxe4 Qxd1+ 5. Kxd1 g6 6. Ne5 Bg7 7. Nc4 Nf6 8. f3 O-O 9. c3 Nbd7 10. a4 Ne8 11. Be3 Nd6 12. Nbd2 f5 13. Bd3 Nxc4 14.
Nxc4 Ne5 15. Nxe5 Bxe5 16. Kc2 Be6 17. exf5 gxf5 18. Rae1 Bg7 19. Bc5 Kf7 20. Re2 b6 21.
Rhe1 bxc5 22. Rxe6 Bf6 23. Bxf5 Rac8 24. Bxh7 Rh8 25.
Bf5 Rc7 26. h3 Rh5 27. Bg4 Rd5 28. R6e4 Rb7 29. Be6+ Kg7 30. Bxd5 cxd5 31. Re6 d4 32. cxd4 cxd4 33. Ra6 d3+ 34. Kxd3 Rxb2 35. Rxa7 Rxg2 36.
Raxe7+ Bxe7 37. Rxe7+ Kf6 38. Re4 Rg3 39. Ke3 Rxh3 40.
a5 Rh7 41. a6 Ra7 42. Ra4 Ke5 43.
f4+ Kd6 44. f5 Kc6 45. Kf4 Kd6 46. Ra1 Ke7 47. Ke5 Kf7 48. Ra5 Ke7 49. Kd5 Kd7 50. f6 Kc7 51. Ke6 Kb6 52. Ra1 Ra8 53. a7 Kb7 54. Ke7 1-0

[Event "Early-Titled-Tuesday-Blitz-January-23-2024"]
[Site "Chess.com"]
[Date "2024.01.23"]
[Round "2"]
[White "GMKrikor"]
[Black "whiteglovethief"]
[Result "1-0"]
[WhiteElo "2800"]
[BlackElo "2550"]
[TimeControl "180+1"]
[EndTime "8:17:30 PST"]
[Termination "GMKrikor won by resignation"]

1. Nf3 d5 2. c4 c6 3. d4 Nf6 4. Nc3 a6 5. b3 Bg4 6. Ne5 e6 7. Nxg4 Nxg4 8. e4 Nf6 9. e5 Bb4 10. Bd2 Bxc3 11. Bxc3 Ne4 12. Qc2 O-O 13. Bd3 Nxc3 14. Qxc3 dxc4 15. Bxc4 Nd7 16. Rd1 Nb6 17. O-O Nd5 18. Qf3 Qd7 19. Rfe1 Rad8 20. h4 Qe7 21. g3 b5 22. Bd3 Qa3 23. Rd2 Nb4 24. Bb1 c5 25. h5 c4 26. h6 f5 27. hxg7 Rf7 28. Qh5 c3 29. Rde2 Rxd4 30. Bxf5 Rxf5 31. Qe8+ Kxg7 32. Qxe6 Rf7 33. Qb6 Rd2 34. e6 Rxe2 35. Rxe2 Qc1+ 36. Kg2 Re7 37. Qd4+ Kg6 38. Qe4+ Kf6 39.
Qd4+ Kg6 40. Qxb4 c2 41. Qxe7 Qd1 42. Qf7+ Kh6 43. Qf6+ Kh5 44. Re5+ 1-0

[Event "Early-Titled-Tuesday-Blitz-January-23-2024"]
[Site "Chess.com"]
[Date "2024.01.23"]
[Round "2"]
[White "Arystanner"]
[Black "The_Straightforward_Rook"]
[Result "1-0"]
[WhiteElo "2783"]
[BlackElo "2539"]
[TimeControl "180+1"]
[EndTime "8:17:30 PST"]
[Termination "Arystanner won by resignation"]

1. e4 c6 2. Nf3 d5 3. Nc3 dxe4 4. Nxe4 Nf6 5. Qe2 Nxe4 6. Qxe4 Qd5 7. Qh4 Qe6+ 8. Be2 Qg4 9. Qg3 Qxg3 10. hxg3 g6 11. d4 Bg7 12. c3 Bf5 13. Bf4 Nd7 14. O-O-O h5 15. Ng5 Nf6 16. f3 Nd5 17. Bd2 Bh6 18. Rde1 Kf8 19. Bc4 Rd8 20. g4 Bxg5 21. Bxg5 Be6 22.
gxh5 gxh5 23. g4 b5 24. Bb3 Nf6 25. Bxe6 fxe6 26. Bxf6 exf6 27. Rxe6 Kf7 28. Rxc6 hxg4 29. Rc7+ Kg6 30. Rg1 f5 31. Rxa7 b4 32. fxg4 bxc3 33. gxf5+ Kxf5 34. bxc3 Rh2 35. Rd1 Rc8 36. Ra3 Ke4 37.
Rd2 Rh1+ 38. Kc2 Rb8 39. Ra5 Rbb1 40. Re5+ Kf4 41. Kd3 Rh3+ 42. Kc4 Rc1 43. Rd3 Rh2 44. a4 Ra2 45. a5 Rca1 46. Rh3 Ra4+ 47. Kd3 Rd1+ 48.
Kc2 Rda1 49. Rh4+ Kg3 50. Rh8 R1a2+ 51. Kd3 Rxa5 52. Rxa5 Rxa5 53. Rf8 Kg4 54. c4 Kg5 55. d5 Kg6 56. Kd4 Kg7 57. Rf1 Ra7 58. c5 Ra2 59. c6 Rd2+ 60. Ke5 Re2+ 61. Kd6 Rd2 62. c7 Rc2 63. Kd7 1-0

[Event "Early-Titled-Tuesday-Blitz-January-23-2024"]
[Site "Chess.com"]
[Date "2024.01.23"]
[Round "2"]
[White "rionelG"]
[Black "guillembaches"]
[Result "0-1"]
[WhiteElo "2314"]
[BlackElo "2533"]
[TimeControl "180+1"]
[EndTime "8:17:30 PST"]
[Termination "guillembaches won on time"]

1. e4 d5 2. e5 c5 3. f4 Nc6 4. Nf3 Bf5 5. Be2 e6 6. O-O h5 7. d3 Nh6 8. c4 d4 9. Re1 Be7 10. Nfd2 Ng4 11. Nf1 Qd7 12. Bf3 Rd8 13. Ng3 Bg6 14.
Ne4 Ne3 15. Qe2 Nb4 16. Na3 a6 17. Bd2 h4 18. Bxe3 dxe3 19. Qxe3 Qxd3 20. Rad1 Qxe3+ 21. Rxe3 O-O 22. Nc3 Rxd1+ 23. Bxd1 Rd8 24. Bf3 Rd2 25. Bxb7 Rxb2 26. Be4 Bh5 27. g3 h3 28. Bf3 Bxf3 29. Rxf3 Rg2+ 30. Kh1 Nxa2 31. Nxa2 Rxa2 32. Kg1 Rg2+ 33.
Kh1 a5 34. Rb3 g5 35. fxg5 Bxg5 36. Nb5 Rc2 37. Rb1 Rxc4 38. Nd6 Rc2 39. Nb7 a4 40. Ra1 a3 41. Kg1 a2 42. Kf1 Be3 43. Na5 Rxh2 0-1

[Event "Early-Titled-Tuesday-Blitz-January-23-2024"]
[Site "Chess.com"]
[Date "2024.01.23"]
[Round "2"]
[White "Mikhail_Golubev"]
[Black "hawes33"]
[Result "1-0"]
[WhiteElo "2510"]
[BlackElo "2257"]
[TimeControl "180+1"]
[EndTime "8:17:30 PST"]
[Termination "Mikhail_Golubev won on time"]

1. e4 c5 2. Nf3 d6 3. d4 cxd4 4. Nxd4 a6 5. Bc4 e6 6. O-O Nf6 7. Re1 Be7 8. Bb3 O-O 9. Nc3 b5 10. Qf3 Bb7 11. Bxe6 fxe6 12. Nxe6 Qe8 13. Nxf8 Qxf8 14.
Bf4 Nbd7 15. Rad1 Ne5 16. Bxe5 dxe5 17. Qf5 Bc5 18. Rd2 Bd4 19. Kh1 Re8 20. f3 Bc8 21. Qg5 h6 22. Qg3 Nh5 23. Qh4 Nf4 24. Nd1 Ng6 25.
Qg3 Nf4 26. c3 Bc5 27. Ne3 Qf6 28. Nd5 Nxd5 29. Rxd5 Be6 30. Rxe5 1-0

[Event "Early-Titled-Tuesday-Blitz-January-23-2024"]
[Site "Chess.com"]
[Date "2024.01.23"]
[Round "2"]
[White "enestnrvrd"]
[Black "Witty_Alien"]
[Result "1-0"]
[WhiteElo "2690"]
[BlackElo "2333"]
[TimeControl "180+1"]
[EndTime "8:17:31 PST"]
[Termination "enestnrvrd won by resignation"]

1. d4 e5 2. dxe5 d6 3. Nf3 Nc6 4. e4 Bg4 5. Bb5 Qd7 6. h3 Bh5 7. Nc3 a6 8. Ba4 O-O-O 9. g4 Bg6 10. Bg5 f6 11. exf6 Nxf6 12. Nd4 Re8 13. Bxc6 bxc6 14.
f3 d5 15. Qd3 dxe4 16. Qxa6+ Kb8 17. Nxc6+ Qxc6 18. Qxc6 exf3+ 19. Kf2 Bd6 20. Rhe1 Ref8 21.
Nb5 Ne4+ 22. Rxe4 Bxe4 23. Qxe4 Bc5+ 24. Be3 Re8 25. Qxe8+ Rxe8 26. Bxc5 Re5 27. b4 Re2+ 28. Kxf3 Rxc2 29. Nd4 Rb2 30. a4 g5 31. a5 h5 32.
gxh5 c6 33. a6 Ka8 34. Re1 g4+ 35. hxg4 Rb3+ 36. Nxb3 Kb8 37. a7+ Kc7 38. a8=Q Kd7 1-0

[Event "Early-Titled-Tuesday-Blitz-January-23-2024"]
[Site "Chess.com"]
[Date "2024.01.23"]
[Round "2"]
[White "TregubovP"]
[Black "NastyaHn"]
[Result "1-0"]
[WhiteElo "2674"]
[BlackElo "2360"]
[TimeControl "180+1"]
[EndTime "8:17:31 PST"]
[Termination "TregubovP won by resignation"]

1. e4 c5 2. Nf3 Nc6 3. Bb5 g6 4. O-O Bg7 5. c3 Nf6 6. Re1 O-O 7. h3 h6 8. d4 d5 9. e5 Ne4 10. Nbd2 cxd4 11. cxd4 Nxd2 12. Bxd2 Qb6 13. Bxc6 bxc6 14. Qc1 Kh7 15. a3 a5 16. b4 axb4 17. Bxb4 Re8 18. Qc3 Ba6 19. a4 Bc4 20. Nd2 Ba6 21. Rec1 Rac8 22.
Bc5 Qc7 23. Rcb1 f6 24. Nf3 fxe5 25. Nxe5 Bxe5 26. dxe5 Qd7 27. Re1 e6 28. a5 Rb8 29.
Bb6 Rb7 30. Ra4 c5 31. Rh4 c4 32. Qc1 Qg7 33. Be3 Kg8 34. Bxh6 Qf7 35. Bg5 Qf5 36. Bf6 Rh7 37. Rf4 Qd3 38. Re3 Rb8 39. Rxd3 cxd3 40. Rg4 Rhb7 41. Rxg6+ Kf7 42. Qh6 d2 43. Qxd2 Kxg6 44.
Qg5+ Kf7 45. Qg7+ Ke8 46. Qg8+ Kd7 47. Qf7+ Kc6 48. Qxe6+ Kc5 49. Qxa6 1-0

[Event "Early-Titled-Tuesday-Blitz-January-23-2024"]
[Site "Chess.com"]
[Date "2024.01.23"]
[Round "2"]
[White "DTChess"]
[Black "GroovyKettle"]
[Result "0-1"]
[WhiteElo "2622"]
[BlackElo "2978"]
[TimeControl "180+1"]
[EndTime "8:17:32 PST"]
[Termination "GroovyKettle won by resignation"]

1. e4 c5 2. Nf3 d6 3. Nc3 Nf6 4. d4 cxd4 5. Nxd4 Bd7 6. Bc4 Nc6 7.
Bb3 Rc8 8. f3 g6 9. Be3 Bg7 10.
Qd2 O-O 11. h4 Ne5 12. h5 Nxh5 13. Bh6 Qb6 14. Bxg7 Kxg7 15. O-O-O Rh8 16. g4 Nf6 17. Qh6+ Kg8 18. Nf5 gxf5 19. gxf5 Nxf3 20. Rh3 Qf2 21. Rxf3 Qxf3 22. Rg1+ Ng4 23. Nd5 Re8 24. Qg5+ Kf8 25. Rxg4 Qf1+ 26. Kd2 Qf2+ 27. Kd3 Qf1+ 28. Ke3 Qc1+ 29.
Ke2 Qxg5 30. Rxg5 Bc6 31. Kf3 Bxd5 32. Bxd5 b6 33. c3 e6 34. fxe6 fxe6 35. Bc4 Kf7 36.
Kf4 Kf6 37. Rh5 Kg6 38. Rh2 Rhf8+ 39. Kg4 e5 40. Bd5 Rf4+ 41. Kg3 Ref8 42. Rg2 h5 43.
Kh3+ Kh6 44. a4 Rf3+ 45. Kh2 Rf2 46. Kh3 R8f3+ 47. Kh2 Rxg2+ 48. Kxg2 Rd3 0-1

[Event "Early-Titled-Tuesday-Blitz-January-23-2024"]
[Site "Chess.com"]
[Date "2024.01.23"]
[Round "2"]
[White "sterpfi"]
[Black "Schachmalanders"]
[Result "1-0"]
[WhiteElo "2215"]
[BlackElo "2462"]
[TimeControl "180+1"]
[EndTime "8:17:32 PST"]
[Termination "sterpfi won by resignation"]

1. e4 c5 2. Nf3 e6 3. c3 d5 4.
exd5 Qxd5 5. d4 Nf6 6. Na3 Nc6 7. Be3 cxd4 8. Nb5 Qd8 9. Nbxd4 Bd7 10. Bd3 Be7 11. O-O O-O 12. Bc2 Qc7 13. Qd3 Rfd8 14. Bg5 h6 15. Bxf6 Bxf6 16. Qh7+ Kf8 17. Rfe1 Nxd4 18. Nxd4 Bc6 19. Nf5 g6 20. Nxh6 Be8 21.
Rxe6 fxe6 22. Qxc7 Rd7 23. Qc5+ Kg7 24. Ng4 Rad8 25.
Nxf6 Kxf6 26. Qxa7 Rd2 27. Bb3 Rxb2 28. Qxb7 Bf7 29. Qf3+ Kg7 30. h4 Rd7 31. h5 gxh5 32.
Re1 Rdd2 33. Bxe6 Bxe6 34. Rxe6 Rxf2 35. Qxf2 Rxf2 36. Kxf2 Kf7 37. Re5 h4 38. Rh5 h3 39.
Rxh3 1-0

[Event "Early-Titled-Tuesday-Blitz-January-23-2024"]
[Site "Chess.com"]
[Date "2024.01.23"]
[Round "2"]
[White "ferdipy"]
[Black "Goryachkina"]
[Result "0-1"]
[WhiteElo "2304"]
[BlackElo "2687"]
[TimeControl "180+1"]
[EndTime "8:17:34 PST"]
[Termination "Goryachkina won on time"]

1. e4 c5 2. d4 cxd4 3. c3 dxc3 4. Nxc3 Nc6 5. Bc4 e6 6. Nf3 Nge7 7.
O-O Ng6 8. Qe2 Be7 9. Rd1 d6 10. Be3 O-O 11. Rac1 Qa5 12. a3 a6 13. Ba2 Bd7 14. h4 Qh5 15. g3 Rad8 16. Kg2 e5 17. Ng5 Qxe2 18. Nxe2 h6 19. Nf3 Be6 20. Bd5 Rc8 21.
h5 Nh8 22. b4 Kh7 23. Nc3 Bg4 24. Rd2 Bxh5 25. Nh4 Bxh4 26. gxh4 Ng6 27. f3 Nxh4+ 28.
Kg3 Nxf3 29. Rf2 Nfd4 30. b5 axb5 31. Rb1 f5 32. Nxb5 f4+ 33. Bxf4 exf4+ 34. Rxf4 Ne2+ 0-1